Demolitions vs Sasquatch
(R2)
Created - 23 octobre 2015 at 19:00
Goals
|
| Demolitions |
0 |
2 |
1 |
3 |
| Sasquatch |
2 |
1 |
1 |
4 |
|
Shots
|
| Demolitions |
13 |
19 |
11 |
43 |
| Sasquatch |
5 |
10 |
7 |
22 |
|
1st period
1. Sasquatch , Cam Atkinson 5 (Derek Stepan, Mikael Backlund) at 13:47
2. Sasquatch , Matt D'Agostini 3 (Cam Fowler, Anders Lindback) at 14:32
Penalties :
Nick Leddy (Gat) for Holding (Minor) at 1:04, Konstantin Pushkarev (Vic) for Roughing (Minor) at 10:48, T.J. Hensick (Vic) for Cross-checking (Minor) at 14:47, Matt Niskanen (Gat) for High sticking (Minor) at 18:00
2nd period
3. Sasquatch , Cam Atkinson 6 (D.J King, Kevin Klein) at 2:32 (PP)
4. Demolitions , Doug Janik 1 (Robert Klinkhammer, Kyle Cumiskey) at 3:27
5. Demolitions , Ryan Craig 6 (Spencer Machacek) at 17:59
Penalties :
Spencer Machacek (Vic) for Tripping (Minor) at 2:08, Konstantin Pushkarev (Vic) for High sticking (Minor) at 8:42, Matt D'Agostini (Gat) for Unsportsmanlike conduct (Major / Game Misconduct) at 9:27, Kevin Porter (Gat) for Roughing (Minor) at 19:11
3rd period
6. Demolitions , Anssi Salmela 3 (Ryan Craig, Bobby Butler) at 6:53
7. Sasquatch , Kevin Porter 6 (Stephane Da Costa, Linus Omark) at 7:05
Penalties :
Nicolas Blanchard (Vic) for Tripping (Minor) at 8:11, Kevin Porter (Gat) for Hooking (Minor) at 11:24, Darren Helm (Vic) for Hooking (Minor) at 14:45
Goalie Stats
Brent Krahn (Vic), 18 saves from 22 shots - (0,818), L, 6-3-0, 59:04 minutes
Anders Lindback (Gat), 40 saves from 43 shots - (0,930), W, 2-4-1, 60:00 minutes
Players Stats for Demolitions
Player Name G A P +/- PIM S H SB GA TA FO MP PP MP PK MP
------------------------------------------------------------------------------------
Alex Hutchings 0 0 0 0 0 0 0 0 0 0 0/0 1:56 0:10 1:44
Andrew Campbell 0 0 0 1 0 0 0 0 0 1 0/0 7:26 0:52 0:00
Anssi Salmela 1 0 1 -1 0 3 0 0 1 1 0/0 21:27 4:25 2:45
Anton Babchuk 0 0 0 -1 0 0 3 0 0 1 0/0 21:27 4:25 2:45
Bobby Butler 0 1 1 1 0 1 2 0 2 0 1/1 15:15 5:07 0:00
Brad Richardson 0 0 0 -1 0 5 0 2 0 0 3/5 24:46 5:27 5:14
Corban Knight 0 0 0 0 0 0 1 0 0 0 0/0 1:04 0:10 0:52
Darren Helm 0 0 0 1 2 4 2 0 0 0 1/5 9:10 0:57 0:00
Doug Janik 1 0 1 0 0 4 1 1 2 1 0/0 27:06 6:24 6:01
Josh Beaulieu 0 0 0 -1 0 1 0 0 0 0 0/0 6:28 0:00 0:00
Konstantin Pushkarev 0 0 0 1 4 2 2 1 1 1 0/0 9:14 1:07 0:00
Kyle Cumiskey 0 1 1 0 0 2 2 2 0 2 0/0 27:25 6:24 6:20
Masi Marjamaki 0 0 0 0 0 0 0 0 0 0 0/0 0:00 0:00 0:00
Nicolas Blanchard 0 0 0 -1 2 1 0 0 1 0 2/3 6:58 0:00 0:00
Nigel Dawes 0 0 0 -1 0 2 3 0 1 0 0/1 20:35 5:27 2:07
Robert Bortuzzo 0 0 0 0 0 1 0 0 0 0 0/0 3:42 0:00 0:00
Robert Klinkhammer 0 1 1 1 0 0 1 1 0 0 2/2 10:15 0:14 1:50
Ryan Craig 1 1 2 1 0 6 0 1 2 0 4/11 17:42 5:07 2:07
Seth Helgeson 0 0 0 1 0 0 0 0 0 0 0/0 7:45 0:52 0:19
Spencer Machacek 0 1 1 1 2 3 0 0 0 0 0/1 15:14 5:07 0:00
T.J. Hensick 0 0 0 -1 2 7 2 1 2 1 14/31 23:47 5:27 4:16
Taylor Aronson 0 0 0 0 0 1 0 0 0 0 0/0 3:42 0:00 0:00
Tom Kuhnhackl 0 0 0 -1 0 0 0 0 0 0 0/0 7:11 0:43 0:00
Vince Rocco 0 0 0 0 0 0 0 0 0 0 0/0 0:00 0:00 0:00
Players Stats for Sasquatch
Player Name G A P +/- PIM S H SB GA TA FO MP PP MP PK MP
------------------------------------------------------------------------------------
Brock Trotter 0 0 0 0 0 3 0 0 1 0 0/0 6:59 0:09 1:41
Cam Atkinson 2 0 2 -1 0 3 1 0 1 0 0/1 17:45 4:29 0:00
Cam Fowler 0 1 1 0 0 1 1 0 0 3 0/0 16:32 3:32 4:34
D.J King 0 1 1 0 0 0 3 0 0 0 1/2 23:52 4:38 6:39
Derek Stepan 0 1 1 0 0 3 0 0 1 0 9/22 16:28 4:38 0:55
Ian Cole 0 0 0 0 0 0 0 1 0 1 0/0 10:51 0:00 0:24
James Livingstone 0 0 0 0 0 0 0 0 0 0 0/0 5:08 0:00 0:00
Jesper Fast 0 0 0 0 0 0 1 0 0 0 1/1 8:47 0:13 0:00
Josh Bailey 0 0 0 -1 0 1 3 1 0 0 1/2 12:58 1:19 0:14
Kevin Klein 0 1 1 1 0 1 2 1 1 3 0/0 29:09 5:24 6:43
Kevin Porter 1 0 1 1 4 4 3 0 0 1 11/19 21:47 4:14 3:29
Linus Omark 0 1 1 1 0 3 1 0 2 0 0/0 19:09 4:14 3:02
Matt D'Agostini 1 0 1 0 15 1 0 0 1 0 0/0 8:57 2:09 0:28
Matt Niskanen 0 0 0 -1 2 0 2 2 0 3 0/0 22:05 3:41 4:04
Mikael Backlund 0 1 1 -1 0 0 0 2 1 1 4/5 12:38 0:00 3:02
Nick Leddy 0 0 0 1 2 0 0 3 0 0 0/0 20:15 5:24 0:54
Stephane Da Costa 0 1 1 1 0 2 1 0 0 0 6/8 12:24 1:11 3:52
Yann Sauvé 0 0 0 -1 0 0 0 0 0 0 0/0 21:16 0:09 6:43
3 Stars
1 - Cam Atkinson (Gat)
2 - Ryan Craig (Vic)
3 - Doug Janik (Vic)
Power Play
Demolitions - 0 on 5 Attempt(s) - 0,00%
Sasquatch - 1 on 6 Attempt(s) - 16,67%
Penalty Kill
Demolitions - 5 on 6 Attempt(s) - 83,33%
- Score 0 goal in Penalty Kill
Sasquatch - 5 on 5 Attempt(s) - 100,00%
- Score 0 goal in Penalty Kill
Team Stat
Demolitions - Hits : 19 - Faceoff Wins : 27 - Blocked Shots : 9 - Penalty Minutes : 12
Sasquatch - Hits : 18 - Faceoff Wins : 33 - Blocked Shots : 10 - Penalty Minutes : 23
Official
Referees : StPierre Justin and Hasenfratz Mike
Linesman : Jean Morin and Brad Lazarowich
Game Notes
2:32 of 2nd period - Sasquatch goal is going for a video replay. After video review, Goal.
Matt D'Agostini ejected from game at 9:27 of 2nd period
Cam Fowler is injured at 16:08 of 3rd period (Lacerated Right Calf)
Finance
Level 1 -- Attendance: 1491 (74,55%) -- Ticket Income 52 185 $
Level 2 -- Attendance: 759 (75,90%) -- Ticket Income 11 385 $
Total Attendance: 2250 (75,00%)
Total Ticket Income: 63 570 $
Other Income: 3 178 $
Total Income: 66 748 $
Demolitions
5 vs 5 Forward
Center Left Wing Right Wing Time % Phy DF OF
1 T.J. Hensick Nigel Dawes Brad Richardson 40 1 2 2
2 Ryan Craig Bobby Butler Spencer Machacek 30 1 2 2
3 Darren Helm Robert Klinkhammer Konstantin Pushkarev 20 1 2 2
4 Nicolas Blanchard Josh Beaulieu Tom Kuhnhackl 10 1 2 2
5 vs 5 Defense
Defense Defense Time % Phy DF OF
1 Kyle Cumiskey Doug Janik 40 1 2 2
2 Anton Babchuk Anssi Salmela 30 1 2 2
3 Andrew Campbell Seth Helgeson 20 1 2 2
4 Robert Bortuzzo Taylor Aronson 10 1 2 2
PowerPlay Forward
Center Left Wing Right Wing Time % Phy DF OF
1 T.J. Hensick Nigel Dawes Brad Richardson 60 1 2 2
2 Ryan Craig Bobby Butler Spencer Machacek 40 1 2 2
PowerPlay Defense
Defense Defense Time % Phy DF OF
1 Kyle Cumiskey Doug Janik 60 1 2 2
2 Anton Babchuk Anssi Salmela 40 1 2 2
Penalty Kill 4 Players Forward
Center Wing Time % Phy DF OF
1 T.J. Hensick Brad Richardson 60 1 2 2
2 Ryan Craig Nigel Dawes 40 1 2 2
Penalty Kill 4 Players Defense
Defense Defense Time % Phy DF OF
1 Kyle Cumiskey Doug Janik 60 1 2 2
2 Anton Babchuk Anssi Salmela 40 1 2 2
Penalty Kill - 3 Players Forward
Forward Time % Phy DF OF
1 T.J. Hensick 60 1 2 2
2 Brad Richardson 40 1 2 2
Penalty Kill - 3 Players Defense
Defense Defense Time % Phy DF OF
1 Kyle Cumiskey Doug Janik 60 1 2 2
2 Anton Babchuk Anssi Salmela 40 1 2 2
4 vs 4 Forward
Center Wing Time % Phy DF OF
1 T.J. Hensick Brad Richardson 60 1 2 2
2 Ryan Craig Nigel Dawes 40 1 2 2
4 vs 4 Defense
Defense Defense Time % Phy DF OF
1 Kyle Cumiskey Doug Janik 60 1 2 2
2 Anton Babchuk Anssi Salmela 40 1 2 2
Last Minutes Offensive
Center Left Wing Right Wing Defense Defense
T.J. Hensick Nigel Dawes Brad Richardson Kyle Cumiskey Doug Janik
Last Minutes Defensive
Center Left Wing Right Wing Defense Defense
T.J. Hensick Nigel Dawes Brad Richardson Kyle Cumiskey Doug Janik
Goaltenders
Starting : Brent Krahn
Backup : Jeff Frazee
Extra Forwards
Normal : Darren Helm, Konstantin Pushkarev, Robert Klinkhammer - PP : Darren Helm, Konstantin Pushkarev - PK : Robert Klinkhammer
Extra Defensemen
Normal : Andrew Campbell, Seth Helgeson, Robert Bortuzzo - PP : Andrew Campbell - PK : Seth Helgeson, Robert Bortuzzo
Penalty Shots
T.J. Hensick, Brad Richardson, Ryan Craig, Nigel Dawes, Bobby Butler
Sasquatch
5 vs 5 Forward
Center Left Wing Right Wing Time % Phy DF OF
1 Derek Stepan D.J King Cam Atkinson 40 1 2 2
2 Kevin Porter Linus Omark Matt D'Agostini 30 1 2 2
3 Mikael Backlund Josh Bailey Jesper Fast 20 1 2 2
4 Stephane Da Costa Brock Trotter James Livingstone 10 1 2 2
5 vs 5 Defense
Defense Defense Time % Phy DF OF
1 Kevin Klein Nick Leddy 40 1 2 2
2 Matt Niskanen Yann Sauvé 30 1 2 2
3 Cam Fowler Ian Cole 20 1 2 2
4 Matt Niskanen Ian Cole 10 1 2 2
PowerPlay Forward
Center Left Wing Right Wing Time % Phy DF OF
1 Derek Stepan D.J King Cam Atkinson 60 1 2 2
2 Kevin Porter Linus Omark Matt D'Agostini 40 1 2 2
PowerPlay Defense
Defense Defense Time % Phy DF OF
1 Kevin Klein Nick Leddy 60 1 2 2
2 Cam Fowler Matt Niskanen 40 1 2 2
Penalty Kill 4 Players Forward
Center Wing Time % Phy DF OF
1 Kevin Porter D.J King 60 1 2 2
2 Mikael Backlund Linus Omark 40 1 2 2
Penalty Kill 4 Players Defense
Defense Defense Time % Phy DF OF
1 Kevin Klein Yann Sauvé 60 1 2 2
2 Cam Fowler Matt Niskanen 40 1 2 2
Penalty Kill - 3 Players Forward
Forward Time % Phy DF OF
1 Kevin Porter 60 1 2 2
2 D.J King 40 1 2 2
Penalty Kill - 3 Players Defense
Defense Defense Time % Phy DF OF
1 Kevin Klein Cam Fowler 60 1 2 2
2 Matt Niskanen Yann Sauvé 40 1 2 2
4 vs 4 Forward
Center Wing Time % Phy DF OF
1 Kevin Porter D.J King 60 1 2 2
2 Derek Stepan Linus Omark 40 1 2 2
4 vs 4 Defense
Defense Defense Time % Phy DF OF
1 Kevin Klein Yann Sauvé 60 1 2 2
2 Matt Niskanen Ian Cole 40 1 2 2
Last Minutes Offensive
Center Left Wing Right Wing Defense Defense
Derek Stepan D.J King Cam Atkinson Kevin Klein Nick Leddy
Last Minutes Defensive
Center Left Wing Right Wing Defense Defense
Kevin Porter D.J King Cam Atkinson Kevin Klein Yann Sauvé
Goaltenders
Starting : Anders Lindback
Backup : Jake Allen
Extra Forwards
Normal : Josh Bailey, Stephane Da Costa, Jesper Fast - PP : Josh Bailey, Stephane Da Costa - PK : Matt D'Agostini
Extra Defensemen
Normal : Yann Sauvé, Nick Leddy, Matt Niskanen - PP : Yann Sauvé - PK : Nick Leddy, Matt Niskanen
Penalty Shots
Cam Atkinson, Linus Omark, Matt D'Agostini, Mikael Backlund, Brock Trotter
% Time on Ice - Demolitions
Lines # - Real PCT - Wanted PCT - Time Play
Normal Forward
1 - 33% - 40% - 12:07
2 - 28% - 30% - 10:08
3 - 22% - 20% - 8:02
4 - 18% - 10% - 6:28
Normal Defense
1 - 36% - 40% - 13:14
2 - 37% - 30% - 13:40
3 - 17% - 20% - 6:09
4 - 10% - 10% - 3:42
PP Forward
1 - 56% - 60% - 6:34
2 - 44% - 40% - 5:07
PP Defense
1 - 62% - 60% - 7:16
2 - 38% - 40% - 4:25
PK Forward
1 - 77% - 60% - 6:58
2 - 23% - 40% - 2:07
PK Defense
1 - 70% - 60% - 6:20
2 - 30% - 40% - 2:45
PK3 Forward
1 - 0% - 60%
2 - 0% - 40%
PK3 Defense
1 - 0% - 60%
2 - 0% - 40%
44 Forward
1 - 73% - 60% - 0:54
2 - 27% - 40% - 0:20
44 Defense
1 - 50% - 60% - 0:37
2 - 50% - 40% - 0:37
Last Minute Offensive - 1:15
Last Minute Defensive - 0:00
Total
Forward - 60:00
Defense - 60:00
|
% Time on Ice - Sasquatch
Lines # - Real PCT - Wanted PCT - Time Play
Normal Forward
1 - 31% - 40% - 11:23
2 - 31% - 30% - 11:34
3 - 24% - 20% - 8:45
4 - 14% - 10% - 5:08
Normal Defense
1 - 40% - 40% - 14:47
2 - 36% - 30% - 13:05
3 - 21% - 20% - 7:35
4 - 4% - 10% - 1:23
PP Forward
1 - 52% - 60% - 4:42
2 - 48% - 40% - 4:23
PP Defense
1 - 59% - 60% - 5:24
2 - 41% - 40% - 3:41
PK Forward
1 - 74% - 60% - 8:39
2 - 26% - 40% - 3:02
PK Defense
1 - 61% - 60% - 7:07
2 - 39% - 40% - 4:34
PK3 Forward
1 - 0% - 60%
2 - 0% - 40%
PK3 Defense
1 - 0% - 60%
2 - 0% - 40%
44 Forward
1 - 73% - 60% - 0:54
2 - 27% - 40% - 0:20
44 Defense
1 - 53% - 60% - 0:39
2 - 47% - 40% - 0:35
Last Minute Offensive - 0:00
Last Minute Defensive - 1:10
Total
Forward - 60:00
Defense - 60:00
|
Play by Play
1st period
0:01 of 1st period - T.J. Hensick wins face-off versus Derek Stepan in neutral zone.
0:10 of 1st period - Snap shot by T.J. Hensick.
0:10 of 1st period - Stopped by Anders Lindback with a rebound.
0:12 of 1st period - Wrist shot by T.J. Hensick.
0:12 of 1st period - Stopped by Anders Lindback without a rebound.
0:13 of 1st period - Kevin Porter wins face-off versus Ryan Craig in Sasquatch zone.
0:22 of 1st period - Wrist shot by Kevin Porter.
0:22 of 1st period - Stopped by Brent Krahn with a rebound.
0:24 of 1st period - Wrist shot by Matt D'Agostini.
0:24 of 1st period - Deflect By Anton Babchuk.
0:24 of 1st period - Shot Misses the Net.
0:24 of 1st period - Puck is out of play.
0:25 of 1st period - Mikael Backlund wins face-off versus Darren Helm in Demolitions zone.
0:28 of 1st period - Wrist shot by Josh Bailey.
0:28 of 1st period - Shot Misses the Net.
0:52 of 1st period - Seth Helgeson is hit by D.J King and loses puck.
1:04 of 1st period - Minor Penalty to Nick Leddy for Holding.
1:05 of 1st period - T.J. Hensick wins face-off versus Kevin Porter in Sasquatch zone.
1:06 of 1st period - Slapshot by Brad Richardson.
1:06 of 1st period - Shot Blocked by Kevin Klein.
2:41 of 1st period - T.J. Hensick is hit by D.J King.
3:04 of 1st period - Penalty to Nick Leddy is over, Nick Leddy is back on ice.
3:13 of 1st period - Wrist shot by Konstantin Pushkarev.
3:13 of 1st period - Stopped by Anders Lindback without a rebound.
3:14 of 1st period - Stephane Da Costa wins face-off versus Darren Helm in Sasquatch zone.
3:14 of 1st period - Stephane Da Costa is hit by Konstantin Pushkarev.
3:30 of 1st period - Robert Bortuzzo is hit by Kevin Klein and loses puck.
3:37 of 1st period - Wrist shot by Robert Klinkhammer.
3:37 of 1st period - Shot Blocked by Mikael Backlund.
3:39 of 1st period - Wrist shot by Darren Helm.
3:39 of 1st period - Shot Blocked by Nick Leddy.
3:41 of 1st period - Slapshot by Robert Bortuzzo.
3:41 of 1st period - Stopped by Anders Lindback with a rebound.
3:43 of 1st period - Wrist shot by Darren Helm.
3:43 of 1st period - Shot Blocked by Nick Leddy.
3:45 of 1st period - Backhand shot by Taylor Aronson.
3:45 of 1st period - Stopped by Anders Lindback without a rebound.
3:46 of 1st period - Kevin Porter wins face-off versus Ryan Craig in Sasquatch zone.
3:46 of 1st period - Kevin Porter is hit by Kyle Cumiskey.
4:16 of 1st period - Slapshot by Brad Richardson.
4:16 of 1st period - Shot Misses the Net.
4:20 of 1st period - Wrist shot by Brad Richardson.
4:20 of 1st period - Shot Misses the Net.
4:22 of 1st period - Snap shot by T.J. Hensick.
4:22 of 1st period - Shot Misses the Net.
6:22 of 1st period - Wrist shot by Konstantin Pushkarev.
6:22 of 1st period - Shot Misses the Net.
6:24 of 1st period - Snap shot by Konstantin Pushkarev.
6:24 of 1st period - Deflect By Darren Helm.
6:24 of 1st period - Stopped by Anders Lindback without a rebound.
6:25 of 1st period - Brad Richardson wins face-off versus Derek Stepan in Sasquatch zone.
6:50 of 1st period - Yann Sauvé is hit by Doug Janik and loses puck.
7:03 of 1st period - Snap shot by Nicolas Blanchard.
7:03 of 1st period - Deflect By D.J King.
7:03 of 1st period - Shot Misses the Net.
7:03 of 1st period - Puck is out of play.
7:04 of 1st period - Kevin Porter wins face-off versus T.J. Hensick in Sasquatch zone.
7:48 of 1st period - Slapshot by Anton Babchuk.
7:48 of 1st period - Shot Misses the Net.
7:54 of 1st period - Snap shot by Darren Helm.
7:54 of 1st period - Stopped by Anders Lindback without a rebound.
7:55 of 1st period - T.J. Hensick wins face-off versus Kevin Porter in Sasquatch zone.
8:43 of 1st period - Andrew Campbell is hit by Josh Bailey and loses puck.
9:24 of 1st period - Snap shot by Brad Richardson.
9:24 of 1st period - Deflect By Nigel Dawes.
9:24 of 1st period - Stopped by Anders Lindback without a rebound.
9:25 of 1st period - Kevin Porter wins face-off versus Brad Richardson in Sasquatch zone.
9:48 of 1st period - Kyle Cumiskey is hit by Matt Niskanen and loses puck.
9:57 of 1st period - Wrist shot by Matt D'Agostini.
9:57 of 1st period - Shot Misses the Net.
10:03 of 1st period - Wrist shot by Kevin Porter.
10:03 of 1st period - Stopped by Brent Krahn without a rebound.
10:04 of 1st period - Ryan Craig wins face-off versus Derek Stepan in Demolitions zone.
10:11 of 1st period - Snap shot by Derek Stepan.
10:11 of 1st period - Stopped by Brent Krahn with a rebound.
10:43 of 1st period - Slapshot by Konstantin Pushkarev.
10:43 of 1st period - Shot Blocked by Mikael Backlund.
10:48 of 1st period - Minor Penalty to Konstantin Pushkarev for Roughing.
10:49 of 1st period - T.J. Hensick wins face-off versus Derek Stepan in Demolitions zone.
10:57 of 1st period - Snap shot by Brad Richardson.
10:57 of 1st period - Shot Blocked by Matt Niskanen.
10:59 of 1st period - Snap shot by Brad Richardson.
10:59 of 1st period - Stopped by Anders Lindback with a rebound.
11:01 of 1st period - Slapshot by Anton Babchuk.
11:01 of 1st period - Shot Misses the Net.
11:03 of 1st period - Wrist shot by Brad Richardson.
11:03 of 1st period - Stopped by Anders Lindback with a rebound.
12:48 of 1st period - Penalty to Konstantin Pushkarev is over, Konstantin Pushkarev is back on ice.
12:58 of 1st period - Snap shot by T.J. Hensick.
12:58 of 1st period - Stopped by Anders Lindback without a rebound.
12:59 of 1st period - Bobby Butler wins face-off versus Mikael Backlund in Sasquatch zone.
13:10 of 1st period - Ryan Craig is hit by Josh Bailey.
13:17 of 1st period - Icing by Mikael Backlund.
13:18 of 1st period - Robert Klinkhammer wins face-off versus Josh Bailey in Sasquatch zone.
13:21 of 1st period - Snap shot by Darren Helm.
13:21 of 1st period - Shot Blocked by Josh Bailey.
13:47 of 1st period - Wrist shot by Cam Atkinson.
13:47 of 1st period - Goal by Cam Atkinson - Demolitions : 0 - Sasquatch : 1.
13:48 of 1st period - T.J. Hensick wins face-off versus Derek Stepan in neutral zone.
14:32 of 1st period - Wrist shot by Matt D'Agostini.
14:32 of 1st period - Goal by Matt D'Agostini - Demolitions : 0 - Sasquatch : 2.
14:33 of 1st period - T.J. Hensick wins face-off versus Derek Stepan in neutral zone.
14:47 of 1st period - Minor Penalty to T.J. Hensick for Cross-checking.
14:48 of 1st period - Robert Klinkhammer wins face-off versus Cam Atkinson in Demolitions zone.
14:59 of 1st period - Snap shot by D.J King.
14:59 of 1st period - Shot Blocked by Kyle Cumiskey.
15:01 of 1st period - Slapshot by Kevin Klein.
15:01 of 1st period - Shot Blocked by Robert Klinkhammer.
15:03 of 1st period - Wrist shot by Cam Atkinson.
15:03 of 1st period - Shot Blocked by Doug Janik.
15:13 of 1st period - Nick Leddy is hit by Corban Knight and loses puck.
16:06 of 1st period - Derek Stepan is hit by Robert Klinkhammer and loses puck.
16:11 of 1st period - Wrist shot by Robert Klinkhammer.
16:11 of 1st period - Shot Misses the Net.
16:47 of 1st period - Penalty to T.J. Hensick is over, T.J. Hensick is back on ice.
16:53 of 1st period - Anssi Salmela is hit by Cam Fowler and loses puck.
17:08 of 1st period - Slapshot by Anssi Salmela.
17:08 of 1st period - Deflect By Ryan Craig.
17:08 of 1st period - Stopped by Anders Lindback with a rebound.
17:57 of 1st period - Off-side.
17:58 of 1st period - Kevin Porter wins face-off versus Nicolas Blanchard in neutral zone.
18:00 of 1st period - Minor Penalty to Matt Niskanen for High sticking.
18:01 of 1st period - Kevin Porter wins face-off versus Nigel Dawes in Sasquatch zone.
18:01 of 1st period - Kevin Porter is hit by Kyle Cumiskey.
18:38 of 1st period - Wrist shot by Ryan Craig.
18:38 of 1st period - Stopped by Anders Lindback without a rebound.
18:39 of 1st period - Mikael Backlund wins face-off versus Ryan Craig in Sasquatch zone.
19:40 of 1st period - Mikael Backlund is hit by Nigel Dawes and loses puck.
0:00 of 2nd period - Penalty to Matt Niskanen is over, Matt Niskanen is back on ice.
Goals for this period are 0 for Demolitions vs 2 for Sasquatch.
Shots for this period are 13 for Demolitions vs 5 for Sasquatch.
2nd period
0:01 of 2nd period - T.J. Hensick wins face-off versus Derek Stepan in neutral zone.
0:26 of 2nd period - Spencer Machacek is hit by Kevin Porter.
0:58 of 2nd period - Josh Bailey is hit by Anton Babchuk and loses puck.
1:17 of 2nd period - Snap shot by Nicolas Blanchard.
1:17 of 2nd period - Stopped by Anders Lindback with a rebound.
1:19 of 2nd period - Slapshot by Tom Kuhnhackl.
1:19 of 2nd period - Shot Blocked by Ian Cole.
1:21 of 2nd period - Snap shot by Josh Beaulieu.
1:21 of 2nd period - Stopped by Anders Lindback with a rebound.
2:08 of 2nd period - Minor Penalty to Spencer Machacek for Tripping.
2:09 of 2nd period - Derek Stepan wins face-off versus T.J. Hensick in Demolitions zone.
2:14 of 2nd period - Snap shot by Cam Atkinson.
2:14 of 2nd period - Shot Misses the Net.
2:16 of 2nd period - Slapshot by Cam Atkinson.
2:16 of 2nd period - Deflect By D.J King.
2:16 of 2nd period - Shot Misses the Net.
2:16 of 2nd period - Puck is out of play.
2:17 of 2nd period - T.J. Hensick wins face-off versus Derek Stepan in Demolitions zone.
2:30 of 2nd period - Snap shot by Cam Atkinson.
2:30 of 2nd period - Shot Blocked by Brad Richardson.
2:32 of 2nd period - Backhand shot by Cam Atkinson.
2:32 of 2nd period - Sasquatch goal is going for a video replay.
2:32 of 2nd period - The goal is good.
2:32 of 2nd period - Goal by Cam Atkinson - Demolitions : 0 - Sasquatch : 3.
2:33 of 2nd period - T.J. Hensick wins face-off versus Derek Stepan in neutral zone.
3:00 of 2nd period - Nick Leddy is hit by Bobby Butler.
3:21 of 2nd period - Slapshot by Kyle Cumiskey.
3:21 of 2nd period - Shot Misses the Net.
3:23 of 2nd period - Slapshot by Doug Janik.
3:23 of 2nd period - Stopped by Anders Lindback with a rebound.
3:25 of 2nd period - Wrist shot by Robert Klinkhammer.
3:25 of 2nd period - Shot Misses the Net.
3:27 of 2nd period - Snap shot by Doug Janik.
3:27 of 2nd period - Goal by Doug Janik - Demolitions : 1 - Sasquatch : 3.
3:28 of 2nd period - T.J. Hensick wins face-off versus Derek Stepan in neutral zone.
3:53 of 2nd period - Brad Richardson is hit by Kevin Klein and loses puck.
4:00 of 2nd period - Slapshot by Anssi Salmela.
4:00 of 2nd period - Stopped by Anders Lindback without a rebound.
4:01 of 2nd period - Ryan Craig wins face-off versus Derek Stepan in Sasquatch zone.
4:32 of 2nd period - Slapshot by Doug Janik.
4:32 of 2nd period - Stopped by Anders Lindback without a rebound.
4:33 of 2nd period - Nicolas Blanchard wins face-off versus Kevin Porter in Sasquatch zone.
5:00 of 2nd period - Anton Babchuk is hit by Linus Omark and loses puck.
5:22 of 2nd period - Off-side.
5:23 of 2nd period - Derek Stepan wins face-off versus T.J. Hensick in neutral zone.
5:34 of 2nd period - Snap shot by Nigel Dawes.
5:34 of 2nd period - Shot Misses the Net.
5:36 of 2nd period - Slapshot by Doug Janik.
5:36 of 2nd period - Stopped by Anders Lindback with a rebound.
5:50 of 2nd period - Doug Janik is hit by Jesper Fast and loses puck.
6:09 of 2nd period - Wrist shot by Darren Helm.
6:09 of 2nd period - Stopped by Anders Lindback with a rebound.
6:11 of 2nd period - Slapshot by Andrew Campbell.
6:11 of 2nd period - Deflect By Robert Klinkhammer.
6:11 of 2nd period - Shot Blocked by Nick Leddy.
6:11 of 2nd period - Puck is out of play.
6:12 of 2nd period - Darren Helm wins face-off versus Stephane Da Costa in Sasquatch zone.
6:19 of 2nd period - Wrist shot by Darren Helm.
6:19 of 2nd period - Stopped by Anders Lindback without a rebound.
6:20 of 2nd period - T.J. Hensick wins face-off versus Derek Stepan in Sasquatch zone.
6:45 of 2nd period - Snap shot by Ryan Craig.
6:45 of 2nd period - Stopped by Anders Lindback with a rebound.
6:47 of 2nd period - Wrist shot by Spencer Machacek.
6:47 of 2nd period - Stopped by Anders Lindback with a rebound.
6:49 of 2nd period - Snap shot by Ryan Craig.
6:49 of 2nd period - Shot Misses the Net.
6:51 of 2nd period - Snap shot by Bobby Butler.
6:51 of 2nd period - Stopped by Anders Lindback with a rebound.
6:53 of 2nd period - Snap shot by Bobby Butler.
6:53 of 2nd period - Shot Misses the Net.
6:55 of 2nd period - Slapshot by Anssi Salmela.
6:55 of 2nd period - Stopped by Anders Lindback with a rebound.
7:19 of 2nd period - Slapshot by Kevin Porter.
7:19 of 2nd period - Shot Misses the Net.
7:33 of 2nd period - Snap shot by Linus Omark.
7:33 of 2nd period - Stopped by Brent Krahn without a rebound.
7:34 of 2nd period - Brad Richardson wins face-off versus Derek Stepan in Demolitions zone.
7:41 of 2nd period - Snap shot by T.J. Hensick.
7:41 of 2nd period - Stopped by Anders Lindback with a rebound.
7:43 of 2nd period - Snap shot by T.J. Hensick.
7:43 of 2nd period - Stopped by Anders Lindback without a rebound.
7:44 of 2nd period - Derek Stepan wins face-off versus T.J. Hensick in Sasquatch zone.
7:44 of 2nd period - Derek Stepan is hit by T.J. Hensick.
8:04 of 2nd period - Wrist shot by T.J. Hensick.
8:04 of 2nd period - Stopped by Anders Lindback with a rebound.
8:06 of 2nd period - Slapshot by Nigel Dawes.
8:06 of 2nd period - Shot Misses the Net.
8:08 of 2nd period - Snap shot by Brad Richardson.
8:08 of 2nd period - Stopped by Anders Lindback without a rebound.
8:09 of 2nd period - Ryan Craig wins face-off versus Kevin Porter in Sasquatch zone.
8:42 of 2nd period - Minor Penalty to Konstantin Pushkarev for High sticking.
8:43 of 2nd period - Derek Stepan wins face-off versus T.J. Hensick in Demolitions zone.
8:45 of 2nd period - Snap shot by Derek Stepan.
8:45 of 2nd period - Stopped by Brent Krahn without a rebound.
8:46 of 2nd period - Derek Stepan wins face-off versus T.J. Hensick in Demolitions zone.
9:27 of 2nd period - Major / Game Misconduct Penalty to Matt D'Agostini for Unsportsmanlike conduct.
9:27 of 2nd period - Matt D'Agostini is ejected from game.
9:28 of 2nd period - T.J. Hensick wins face-off versus Kevin Porter in Sasquatch zone.
10:13 of 2nd period - Slapshot by Matt Niskanen.
10:13 of 2nd period - Shot Misses the Net.
10:17 of 2nd period - Snap shot by Derek Stepan.
10:17 of 2nd period - Shot Misses the Net.
10:19 of 2nd period - Snap shot by Ian Cole.
10:19 of 2nd period - Shot Misses the Net.
10:21 of 2nd period - Wrist shot by Linus Omark.
10:21 of 2nd period - Stopped by Brent Krahn with a rebound.
10:39 of 2nd period - Slapshot by Matt Niskanen.
10:39 of 2nd period - Deflect By Stephane Da Costa.
10:39 of 2nd period - Stopped by Brent Krahn without a rebound.
10:40 of 2nd period - Josh Bailey wins face-off versus Darren Helm in Demolitions zone.
10:42 of 2nd period - Penalty to Konstantin Pushkarev is over, Konstantin Pushkarev is back on ice.
10:55 of 2nd period - Wrist shot by Josh Bailey.
10:55 of 2nd period - Stopped by Brent Krahn without a rebound.
10:56 of 2nd period - Brad Richardson wins face-off versus Kevin Porter in Demolitions zone.
11:04 of 2nd period - Snap shot by Kevin Porter.
11:04 of 2nd period - Shot Misses the Net.
11:06 of 2nd period - Slapshot by Kevin Klein.
11:06 of 2nd period - Stopped by Brent Krahn without a rebound.
11:07 of 2nd period - Kevin Porter wins face-off versus T.J. Hensick in Demolitions zone.
11:28 of 2nd period - T.J. Hensick is hit by Kevin Porter and loses puck.
12:03 of 2nd period - Snap shot by Ryan Craig.
12:03 of 2nd period - Stopped by Anders Lindback with a rebound.
13:44 of 2nd period - Ryan Craig is hit by Stephane Da Costa and loses puck.
14:20 of 2nd period - Nick Leddy is hit by Konstantin Pushkarev and loses puck.
14:27 of 2nd period - Penalty to Matt D'Agostini is over, Jesper Fast is send on ice.
15:21 of 2nd period - Icing by Matt Niskanen.
15:22 of 2nd period - Nicolas Blanchard wins face-off versus D.J King in Sasquatch zone.
15:50 of 2nd period - Icing by Anssi Salmela.
15:51 of 2nd period - T.J. Hensick wins face-off versus Kevin Porter in Demolitions zone.
15:58 of 2nd period - Snap shot by Kevin Porter.
15:58 of 2nd period - Stopped by Brent Krahn without a rebound.
15:59 of 2nd period - Derek Stepan wins face-off versus T.J. Hensick in Demolitions zone.
16:12 of 2nd period - Kevin Klein is hit by T.J. Hensick and loses puck.
16:27 of 2nd period - Snap shot by Kevin Porter.
16:27 of 2nd period - Shot Blocked by Kyle Cumiskey.
16:53 of 2nd period - Wrist shot by Brock Trotter.
16:53 of 2nd period - Stopped by Brent Krahn with a rebound.
17:31 of 2nd period - Slapshot by Linus Omark.
17:31 of 2nd period - Stopped by Brent Krahn without a rebound.
17:32 of 2nd period - Kevin Porter wins face-off versus T.J. Hensick in Demolitions zone.
17:59 of 2nd period - Snap shot by Ryan Craig.
17:59 of 2nd period - Goal by Ryan Craig - Demolitions : 2 - Sasquatch : 3.
18:00 of 2nd period - Derek Stepan wins face-off versus T.J. Hensick in neutral zone.
18:03 of 2nd period - Nigel Dawes is hit by D.J King and loses puck.
18:52 of 2nd period - Slapshot by Cam Fowler.
18:52 of 2nd period - Shot Blocked by Brad Richardson.
19:11 of 2nd period - Minor Penalty to Kevin Porter for Roughing.
19:12 of 2nd period - Stephane Da Costa wins face-off versus Ryan Craig in Sasquatch zone.
19:56 of 2nd period - Kyle Cumiskey is hit by Matt Niskanen and loses puck.
Goals for this period are 2 for Demolitions vs 1 for Sasquatch.
Shots for this period are 19 for Demolitions vs 10 for Sasquatch.
3rd period
0:01 of 3rd period - Stephane Da Costa wins face-off versus T.J. Hensick in neutral zone.
0:16 of 3rd period - Wrist shot by Stephane Da Costa.
0:16 of 3rd period - Shot Blocked by T.J. Hensick.
0:32 of 3rd period - Slapshot by Kyle Cumiskey.
0:32 of 3rd period - Stopped by Anders Lindback with a rebound.
0:34 of 3rd period - Snap shot by Spencer Machacek.
0:34 of 3rd period - Stopped by Anders Lindback with a rebound.
0:36 of 3rd period - Slapshot by Spencer Machacek.
0:36 of 3rd period - Stopped by Anders Lindback without a rebound.
0:37 of 3rd period - Ryan Craig wins face-off versus Stephane Da Costa in Sasquatch zone.
1:00 of 3rd period - Slapshot by Brad Richardson.
1:00 of 3rd period - Stopped by Anders Lindback without a rebound.
1:01 of 3rd period - Stephane Da Costa wins face-off versus T.J. Hensick in Sasquatch zone.
1:10 of 3rd period - Yann Sauvé is hit by Nigel Dawes and loses puck.
1:11 of 3rd period - Penalty to Kevin Porter is over, Kevin Porter is back on ice.
1:59 of 3rd period - Snap shot by T.J. Hensick.
1:59 of 3rd period - Stopped by Anders Lindback without a rebound.
2:00 of 3rd period - Mikael Backlund wins face-off versus Ryan Craig in Sasquatch zone.
2:27 of 3rd period - Jesper Fast is hit by Anton Babchuk.
2:31 of 3rd period - Snap shot by Robert Klinkhammer.
2:31 of 3rd period - Shot Blocked by Matt Niskanen.
5:16 of 3rd period - Anssi Salmela is hit by Cam Atkinson and loses puck.
5:43 of 3rd period - Wrist shot by Josh Bailey.
5:43 of 3rd period - Deflect By Cam Atkinson.
5:43 of 3rd period - Stopped by Brent Krahn with a rebound.
6:10 of 3rd period - Wrist shot by Spencer Machacek.
6:10 of 3rd period - Shot Misses the Net.
6:51 of 3rd period - Wrist shot by Ryan Craig.
6:51 of 3rd period - Stopped by Anders Lindback with a rebound.
6:53 of 3rd period - Slapshot by Anssi Salmela.
6:53 of 3rd period - Goal by Anssi Salmela - Demolitions : 3 - Sasquatch : 3.
6:54 of 3rd period - Kevin Porter wins face-off versus T.J. Hensick in neutral zone.
7:05 of 3rd period - Slapshot by Kevin Porter.
7:05 of 3rd period - Goal by Kevin Porter - Demolitions : 3 - Sasquatch : 4.
7:06 of 3rd period - Kevin Porter wins face-off versus T.J. Hensick in neutral zone.
7:15 of 3rd period - Snap shot by Kevin Porter.
7:15 of 3rd period - Shot Misses the Net.
8:11 of 3rd period - Minor Penalty to Nicolas Blanchard for Tripping.
8:12 of 3rd period - T.J. Hensick wins face-off versus Kevin Porter in Demolitions zone.
10:11 of 3rd period - Penalty to Nicolas Blanchard is over, Nicolas Blanchard is back on ice.
10:20 of 3rd period - Brad Richardson is hit by Josh Bailey and loses puck.
10:31 of 3rd period - Snap shot by Stephane Da Costa.
10:31 of 3rd period - Stopped by Brent Krahn with a rebound.
11:24 of 3rd period - Minor Penalty to Kevin Porter for Hooking.
11:25 of 3rd period - Stephane Da Costa wins face-off versus Spencer Machacek in Sasquatch zone.
12:06 of 3rd period - Derek Stepan is hit by Bobby Butler.
12:25 of 3rd period - Off-side.
12:26 of 3rd period - Mikael Backlund wins face-off versus Ryan Craig in neutral zone.
13:05 of 3rd period - Wrist shot by Brock Trotter.
13:05 of 3rd period - Stopped by Brent Krahn with a rebound.
13:24 of 3rd period - Penalty to Kevin Porter is over, Kevin Porter is back on ice.
14:15 of 3rd period - Wrist shot by Derek Stepan.
14:15 of 3rd period - Stopped by Brent Krahn with a rebound.
14:17 of 3rd period - Slapshot by Matt Niskanen.
14:17 of 3rd period - Shot Blocked by Ryan Craig.
14:19 of 3rd period - Slapshot by Derek Stepan.
14:19 of 3rd period - Shot Misses the Net.
14:21 of 3rd period - Slapshot by Cam Fowler.
14:21 of 3rd period - Stopped by Brent Krahn with a rebound.
14:23 of 3rd period - Slapshot by Matt Niskanen.
14:23 of 3rd period - Deflect By D.J King.
14:23 of 3rd period - Shot Misses the Net.
14:23 of 3rd period - Puck is out of play.
14:24 of 3rd period - Stephane Da Costa wins face-off versus Darren Helm in Demolitions zone.
14:37 of 3rd period - Snap shot by Brock Trotter.
14:37 of 3rd period - Stopped by Brent Krahn with a rebound.
14:39 of 3rd period - Slapshot by Brock Trotter.
14:39 of 3rd period - Shot Blocked by Konstantin Pushkarev.
14:45 of 3rd period - Minor Penalty to Darren Helm for Hooking.
14:46 of 3rd period - Derek Stepan wins face-off versus T.J. Hensick in Demolitions zone.
15:27 of 3rd period - Snap shot by Nigel Dawes.
15:27 of 3rd period - Stopped by Anders Lindback with a rebound.
16:07 of 3rd period - Cam Fowler is hit by Anton Babchuk and loses puck.
16:08 of 3rd period - Cam Fowler from Sasquatch is injured at 16:08 of 3rd period (Lacerated Right Calf).
16:09 of 3rd period - Derek Stepan wins face-off versus Brad Richardson in Sasquatch zone.
16:20 of 3rd period - Snap shot by Derek Stepan.
16:20 of 3rd period - Shot Misses the Net.
16:22 of 3rd period - Snap shot by Derek Stepan.
16:22 of 3rd period - Shot Misses the Net.
16:24 of 3rd period - Snap shot by D.J King.
16:24 of 3rd period - Shot Hit the Post.
16:34 of 3rd period - Kyle Cumiskey is hit by Kevin Porter and loses puck.
16:45 of 3rd period - Penalty to Darren Helm is over, Darren Helm is back on ice.
17:01 of 3rd period - Wrist shot by Robert Klinkhammer.
17:01 of 3rd period - Deflect By Konstantin Pushkarev.
17:01 of 3rd period - Stopped by Anders Lindback without a rebound.
17:02 of 3rd period - Jesper Fast wins face-off versus Ryan Craig in Sasquatch zone.
17:27 of 3rd period - Derek Stepan is hit by Darren Helm and loses puck.
17:42 of 3rd period - Stephane Da Costa is hit by Darren Helm and loses puck.
19:04 of 3rd period - Demolitions, Brent Krahn is pulled from the net.
19:08 of 3rd period - Snap shot by Brad Richardson.
19:08 of 3rd period - Stopped by Anders Lindback with a rebound.
19:10 of 3rd period - Snap shot by Kyle Cumiskey.
19:10 of 3rd period - Stopped by Anders Lindback without a rebound.
19:11 of 3rd period - John MacLean call a timeout for Demolitions.
19:11 of 3rd period - Kevin Porter wins face-off versus T.J. Hensick in Sasquatch zone.
19:23 of 3rd period - Slapshot by Doug Janik.
19:23 of 3rd period - Shot Misses the Net.
19:37 of 3rd period - Snap shot by Brad Richardson.
19:37 of 3rd period - Deflect By Nigel Dawes.
19:37 of 3rd period - Shot Misses the Net.
19:37 of 3rd period - Puck is out of play.
19:38 of 3rd period - D.J King wins face-off versus T.J. Hensick in Sasquatch zone.
19:38 of 3rd period - D.J King is hit by Nigel Dawes.
Goals for this period are 1 for Demolitions vs 1 for Sasquatch.
Shots for this period are 11 for Demolitions vs 7 for Sasquatch.
Output by the SimonT Hockey Simulator (STHS) for François Prévost -- Original Page W3C XHTML 1.0 Valid